 Dungeon Crawl Stone Soup version 0.31.0-11-ge490571c62 (webtiles) character file.

Game seed: 10279938083217820568

8 hikkokomori the Vexing (level 2, 0/23 HPs)
             Began as a Gnoll Hexslinger on Jan 31, 2024.
             Succumbed to a kobold's poison
             ... on level 1 of the Dungeon.
             The game lasted 00:00:51 (289 turns).

hikkokomori the Vexing (Gnoll Hexslinger)            Turns: 289, Time: 00:00:52

Health: 0/23       AC:  2    Str:  7    XL:     2   Next: 8%
Magic:  2/5        EV: 13    Int: 12    God:
Gold:   14         SH:  0    Dex: 14    Spells: 6/6 levels left

rFire   . . .        a - +1 sling
rCold   . . .        (no shield)
rNeg    . . .        c - +0 robe
rPois   .            (no helmet)
rElec   .            (no cloak)
rCorr   .            (no gloves)
SInv    .            (no boots)
Will    .....        f - amulet of guardian spirit
Stlth   +            (no ring)
HPRegen 0.23/turn    (no ring)
MPRegen 0.09/turn

%: guardian spirit
@: lethally poisoned (0 -> -20)
A: fangs 1, strong nose, distributed training
a: no special abilities


You were on level 1 of the Dungeon.
You visited 1 branch of the dungeon, and saw 1 of its levels.

You collected 14 gold pieces.

Inventory:

Hand Weapons
 a - a +1 sling (weapon)
Armour
 c - a +0 robe (worn)
Jewellery
 f - an amulet of guardian spirit (around neck)
Scrolls
 b - a scroll of poison
 d - a scroll of identify {unknown}
 g - a scroll of immolation {unknown}
 h - a scroll of teleportation {unknown}
Potions
 e - a potion of magic


   Skills:
 + Level 2.4 Fighting
 + Level 0.3 Short Blades
 + Level 0.3 Long Blades
 + Level 0.3 Axes
 + Level 0.3 Maces & Flails
 + Level 0.3 Polearms
 + Level 0.3 Staves
 + Level 4.4 Ranged Weapons
 + Level 0.3 Throwing
 + Level 0.3 Armour
 + Level 4.4 Dodging
 + Level 0.3 Stealth
 + Level 0.3 Shields
 + Level 0.3 Unarmed Combat
 + Level 2.7 Spellcasting
 + Level 0.2 Conjurations
 + Level 5.3 Hexes
 + Level 0.2 Summonings
 + Level 0.2 Necromancy
 + Level 0.2 Translocations
 + Level 2.0 Fire Magic
 + Level 0.2 Ice Magic
 + Level 0.2 Air Magic
 + Level 0.2 Earth Magic
 + Level 0.2 Alchemy
 + Level 0.4 Invocations
 + Level 0.3 Evocations
 + Level 0.2 Shapeshifting


You had 6 spell levels left.
You didn't know any spells.
Your spell library contained the following spells:

 Spells                   Type           Power      Damage    Failure   Level
 Jinxbite                 Hex            28%        N/A       4%          2
 Sigil of Binding         Hex            14%        N/A       9%          3
 Inner Flame              Hex/Fire       10%        N/A       17%         3
 Cause Fear               Hex            7%         N/A       28%         4
 Dimensional Bullseye     Hex/Tloc       4%         N/A       63%         4


Dungeon Overview and Level Annotations

Branches:
Dungeon (1/15)

Altars:


Innate Abilities, Weirdness & Mutations

You have very sharp teeth.
Your uncanny sense of smell can sniff out nearby items.
Your experience applies equally to all skills.


Message History

Press: ? - help, Shift-Dir - straight line, f/p - kobold
Aim: a kobold, wielding a +2 dagger of venom (53% to hit)
You shoot a sling bullet. The sling bullet hits the kobold.
The kobold is moderately wounded.
You feel sick.
The kobold hits you with a +2 dagger of venom.
You are more poisoned.
Fire: a) +1 sling
Press: ? - help, Shift-Dir - straight line, f/p - kobold
Aim: a kobold, wielding a +2 dagger of venom (moderately wounded, 53% to hit)
You shoot a sling bullet. The sling bullet hits the kobold.
The kobold is severely wounded.
You feel very sick. The kobold misses you.
Fire: a) +1 sling
Press: ? - help, Shift-Dir - straight line, f/p - kobold
Aim: a kobold, wielding a +2 dagger of venom (moderately wounded, 53% to hit)
You shoot a sling bullet.
The sling bullet hits the kobold but does no damage.
The kobold is moderately wounded.
You feel sick.
The kobold hits you with a +2 dagger of venom.
You are lethally poisoned!
Fire: a) +1 sling
Press: ? - help, Shift-Dir - straight line, f/p - kobold
Aim: a kobold, wielding a +2 dagger of venom (moderately wounded, 53% to hit)
You shoot a sling bullet. The sling bullet misses the kobold.
* * * LOW HITPOINT WARNING * * *
You feel very sick.
The kobold hits you with a +2 dagger of venom.
* * * LOW HITPOINT WARNING * * *
The kobold hits you but does no damage.
You are more poisoned.
Unknown command.
Fire: a) +1 sling
Press: ? - help, Shift-Dir - straight line, f/p - kobold
Aim: a kobold, wielding a +2 dagger of venom (moderately wounded, 53% to hit)
You shoot a sling bullet.
The sling bullet closely misses the kobold.
You die...

#.#.............####.#####..#
#.#........(..............#.#
#.#.......................#...
#.#.........####..........####.
#.#.##.##.### #..........# .#
#.#.#.....# #..........# .
#.#.#.....# #..........+
#.#...##########..........#
#..............K@.........#
############...##.........#
#.#.#####.###### #.#.#.....# ∆
#.#.#.##### ..#...# #######


You could see a kobold.

Vanquished Creatures
  A ball python (D:1)
  2 endoplasms (D:1)
  2 quokkas (D:1)
  2 rats (D:1)
7 creatures vanquished.

Notes
Turn   | Place    | Note
-------+----------+-------------------------------------------
     0 | D:1      | hikkokomori the Gnoll Hexslinger began the quest for the
                  | Orb.
     0 | D:1      | Reached XP level 1. HP: 17/17 MP: 4/4
   165 | D:1      | Reached XP level 2. HP: 23/23 MP: 5/5
   289 | D:1      | Succumbed to a kobold's poison

Illustrated notes

Levels and vault maps discovered:
D:1:      lemuel_arrival_hallway, layout_basic

Skill      XL: |  1 |
---------------+----+-----
Fire Magic     | 2 |  2.0
Fighting       | |  2.4
Short Blades   | |  0.3
Long Blades    | |  0.3
Axes           | |  0.3
Maces & Flails | |  0.3
Polearms       | |  0.3
Staves         | |  0.3
Ranged Weapons | |  4.4
Throwing       | |  0.3
Armour         | |  0.3
Dodging        | |  4.4
Stealth        | |  0.3
Shields        | |  0.3
Unarmed Combat | |  0.3
Spellcasting   | |  2.7
Conjurations   | |  0.2
Hexes          | |  5.3
Summonings     | |  0.2
Necromancy     | |  0.2
Translocations | |  0.2
Ice Magic      | |  0.2
Air Magic      | |  0.2
Earth Magic    | |  0.2
Alchemy        | |  0.2
Invocations    | |  0.4
Evocations     | |  0.3
Shapeshifting  | |  0.2

Action                     || total
---------------------------++-------
   Fire: Sling             ||    22
    Use: Potion            ||     2
 Armour: Robe              ||     7
  Dodge: Dodged            ||     4
